 Dungeon Sprint DCSS version 0.27-a0-1322-gfdffb62a71 (webtiles) character file.

Game seed: 584503866293689855

937 rocky1 the Blocker (level 8, -2/65 HPs)
             Began as a Formicid Fighter on June 23, 2021.
             Was a Priest of Cheibriados.
             Slain by a boulder beetle (11 damage)
             ... while petrified by a basilisk
             ... in the Dungeon (Sprint IX: "|||||||||||||||||||||||||||||").
             The game lasted 00:03:42 (952 turns).

rocky1 the Blocker (Formicid Fighter)                Turns: 952, Time: 00:03:43

Health: -2/65      AC:  8    Str: 34    XL:     8   Next: 34%
Magic:  11/11      EV:  2    Int: 17    God:    Cheibriados [***...]
Gold:   0          SH:  0    Dex: 17    Spells: 7/7 levels left

rFire    . . .     SeeInvis +   k - +1 broad axe "Tuqel" {vamp, rC+ rN+}
rCold    + . .     Faith    .   c - +0 kite shield
rNeg     + + +     Spirit   .   m - +1 scale mail
rPois    ∞         Reflect  .   (helmet unavailable)
rElec    .         Harm     .   (no cloak)
rCorr    .         Rampage  .   (no gloves)
Will     .....                  (no boots)
Stlth    ..........             (no amulet)
HPRegen  0.20/turn              a - +3 ring of strength
MPRegen  0.12/turn              b - +3 ring of intelligence

@: petrified, very slow
A: permanent stasis, dig shafts and tunnels, antennae 3, four strong arms
a: Dig, Renounce Religion, Bend Time, Temporal Distortion


You were in the Dungeon.
You worshipped Cheibriados.
Cheibriados was most pleased with you.
You visited 1 branch

Inventory:

Hand Weapons
 k - the +1 broad axe "Tuqel" (weapon) {vamp, rC+ rN+}
   (You found it in the Dungeon)

   It inflicts no extra harm, but heals its wielder when it wounds a living foe.
   It protects you from cold.
   It protects you from negative energy.
 l - a +2 scimitar of holy wrath
Armour
 c - a +0 kite shield (worn)
 m - a +1 scale mail (worn)
Jewellery
 a - a +3 ring of strength (left hand)
 b - a +3 ring of intelligence (right hand)
Wands
 j - a wand of iceblast (10)
Scrolls
 i - 2 scrolls of amnesia
Potions
 d - a potion of might
 e - 5 potions of curing
 f - a potion of invisibility
 g - 4 potions of magic


   Skills:
 + Level 6.5 Fighting
 + Level 9.5 Long Blades
 + Level 5.0 Axes
 + Level 6.5 Armour
 + Level 4.7 Dodging
 + Level 11.5 Shields
 + Level 4.8 Invocations


You had 7 spell levels left.
You didn't know any spells.
Your spell library was empty.

Dungeon Overview and Level Annotations

Branches:
Dungeon (1/1)

Altars:
Cheibriados
Dithmenos
Elyvilon
Fedhas
Gozag
Hepliaklqana
Kikubaaqudgha
Makhleb
Nemelex Xobeh
Okawaru
Qazlal
Ru
Sif Muna
Trog
Uskayaw
Vehumet
Wu Jian
Xom
Yredelemnul
Zin
The Shining One
Beogh
Jiyva
Lugonu


Innate Abilities, Weirdness & Mutations

You cannot be hasted, slowed, berserked, paralysed or teleported.
You can dig through walls and to a lower floor.
You have a pair of large antennae on your head. (SInv)
Your four strong arms can wield two-handed weapons with a shield.


Message History

You barely miss the spriggan.
The spriggan is moderately wounded.
The basilisk completely misses you. You block the spriggan's attack.
You slash the spriggan!
The spriggan is almost dead.
You barely miss the basilisk. You block the basilisk's attack.
The boulder beetle curls into a ball and begins rolling!
The spriggan barely misses you.
You closely miss the spriggan.
The spriggan is almost dead.
You barely miss the basilisk. The basilisk gazes at you.
You are slowing down.
The spriggan hits you!
The boulder beetle stops rolling and uncurls.
The basilisk bites you.
The spriggan hits you but does no damage.
You slice the spriggan!!
You feel better.
You kill the spriggan!
Cheibriados thoroughly appreciates the change of pace.
You can now warp the flow of time around you.
Cheibriados raises the support of your attributes as your movement slows.
You slash the basilisk!
You feel better.
The boulder beetle leaps!
The basilisk closely misses you.
The boulder beetle bites you but does no damage.
The basilisk bites you.
You have turned to stone.
Your Axes skill increases to level 5!
The boulder beetle bites you! The basilisk bites you!
The boulder beetle bites you! The basilisk bites you!
The boulder beetle bites you! The basilisk gazes at you.
You resist with some effort. The boulder beetle bites you!
The basilisk gazes at you. The boulder beetle bites you!!
* * * LOW HITPOINT WARNING * * *
The basilisk bites you.
* * * LOW HITPOINT WARNING * * *
The boulder beetle bites you!!
You die...

▓.▓
▓.▓
▓.▓
▓C▓
▓O▓
▓J▓
▓l▓
▓@▓
▓B▓
▓.▓
▓)▓
▓)▓
▓)▓
▓'▓
▓.▓
▓.▓
{


You could see a boulder beetle, a slime creature, a two-headed ogre, a cyclops
and a basilisk.

Vanquished Creatures
  A spriggan (shapeshifter) (D)
  A yak (D)
  A steam dragon (D)
  An orc warrior (D)
  3 centaurs (D)
  A phantom (D)
  A scorpion (D)
  A howler monkey (D)
  A ball python (D)
  A bat (D)
  A bat zombie (D)
  An endoplasm (D)
  2 jackals (D)
  A rat (D)
17 creatures vanquished.

Notes
Turn   | Place    | Note
-------+----------+-------------------------------------------
     0 | D        | rocky1 the Formicid Fighter began the quest for the Orb.
     0 | D        | Reached XP level 1. HP: 18/18 MP: 1/1
     6 | D        | Reached skill level 4 in Shields
    17 | D        | Reached XP level 2. HP: 13/24 MP: 2/2
   151 | D        | Noticed a scorpion
   151 | D        | Noticed a howler monkey
   151 | D        | Noticed a phantom
   160 | D        | Killed a phantom
   161 | D        | Reached skill level 7 in Shields
   161 | D        | Reached XP level 3. HP: 10/29 MP: 3/3
   161 | D        | Reached XP level 4. HP: 12/35 MP: 4/4
   168 | D        | Reached skill level 8 in Shields
   168 | D        | Reached XP level 5. HP: 29/41 MP: 5/5
   180 | D        | Reached skill level 9 in Shields
   287 | D        | Found a snail-covered altar of Cheibriados.
   287 | D        | Found a shadowy altar of Dithmenos.
   287 | D        | Found a white marble altar of Elyvilon.
   287 | D        | Found a blossoming altar of Fedhas.
   287 | D        | Found an opulent altar of Gozag.
   288 | D        | Found a hazy altar of Hepliaklqana.
   289 | D        | Found a viscous altar of Jiyva.
   290 | D        | Found an ancient bone altar of Kikubaaqudgha.
   291 | D        | Found a corrupted altar of Lugonu.
   292 | D        | Found a burning altar of Makhleb.
   293 | D        | Found a sparkling altar of Nemelex Xobeh.
   294 | D        | Found an iron altar of Okawaru.
   295 | D        | Found a stormy altar of Qazlal.
   296 | D        | Found a sacrificial altar of Ru.
   297 | D        | Found a shimmering blue altar of Sif Muna.
   298 | D        | Found a bloodstained altar of Trog.
   299 | D        | Found a hide-covered altar of Uskayaw.
   300 | D        | Found a radiant altar of Vehumet.
   301 | D        | Found an ornate altar of the Wu Jian Council.
   313 | D        | Became a worshipper of Cheibriados the Contemplative
   325 | D        | Found a shimmering altar of Xom.
   326 | D        | Found a basalt altar of Yredelemnul.
   327 | D        | Found a glowing silver altar of Zin.
   328 | D        | Found a glowing golden altar of the Shining One.
   344 | D        | Got the +1 broad axe "Tuqel" {vamp, rC+ rN+}
   471 | D        | Noticed an orc warrior
   471 | D        | Noticed a centaur
   471 | D        | Noticed a centaur
   471 | D        | Noticed a centaur
   471 | D        | Noticed a yak
   471 | D        | Noticed a steam dragon
   480 | D        | Killed a steam dragon
   481 | D        | Reached skill level 10 in Shields
   481 | D        | Reached XP level 6. HP: 28/49 MP: 6/6
   492 | D        | Killed a yak
   492 | D        | Reached * piety under Cheibriados
   493 | D        | Reached skill level 5 in Fighting
   493 | D        | Reached skill level 5 in Armour
   493 | D        | Reached XP level 7. HP: 7/56 MP: 6/8
   497 | D        | Reached ** piety under Cheibriados
   498 | D        | Reached skill level 11 in Shields
   518 | D        | Reached XP level 8. HP: 22/65 MP: 11/11
   941 | D        | Noticed a cyclops
   941 | D        | Noticed a boulder beetle
   941 | D        | Noticed a two-headed ogre
   941 | D        | Noticed a slime creature
   941 | D        | Noticed a blink frog
   941 | D        | Noticed a basilisk
   942 | D        | Noticed a spriggan
   942 | D        | a blink frog changed into a spriggan
   946 | D        | Killed a spriggan
   946 | D        | Reached *** piety under Cheibriados
   947 | D        | Reached skill level 5 in Axes
   952 | D        | Slain by a boulder beetle

Illustrated notes

Levels and vault maps discovered:
D:        linesprint [early_d, line_temple, items_1, d_10, items_2, lair_1,
          lair_end, items_3, orc_1, orc_end, items_4, d_15, swamp_1, shoals_1,
          snake_1, spider_1, d_20, vaults_1, items_5, swamp_end, shoals_end,
          snake_end, spider_end, vaults_end, d_27, items_6, zot_1, zot_end,
          crypt_end, forest_end, elf_end, slime_end, tomb_end, abyss_end,
          pan_hell_end]

Skill      XL: |  1  2  3  4  5  6  7  8 |
---------------+-------------------------+-----
Shields        | 4 7 8 10 11 | 11.5
Long Blades    | 3 6 8 9 |  9.5
Fighting       | 4 5 6 |  6.5
Axes           | 2 3 4 5 |  5.0
Armour         | 4 5 6 |  6.5
Dodging        | 2 3 4 |  4.7
Invocations    | 2 4 |  4.8

Action                   |  1- 3 |  4- 6 |  7- 9 || total
-------------------------+-------+-------+-------++-------
Melee: Long sword        |    22 |    20 |       ||    42
       Broad axe         |       |    19 |    27 ||    46
  Use: Potion            |       |     2 |     1 ||     3
Armor: Scale mail        |     5 |    12 |     8 ||    25
Dodge: Dodged            |     7 |    16 |    10 ||    33
Block: Kite shield       |    13 |    28 |    29 ||    70
       Rpst.: Long sword |     2 |     3 |       ||     5

Table legend: (Time is in decaauts)
 A = Elapsed time spent in this place.
 B = Non-inter-level travel time spent in this place.
 C = Inter-level travel time spent in this place.
 D = Time resting spent in this place.
 E = Time spent auto-exploring this place.
 F = Levels seen in this place.
 G = Mean time per level.
                   A        B        C        D        E       F      G
               +--------+--------+--------+--------+--------+-----+--------+
         Total |    999 |    999 |      0 |    738 |      0 |   1 |  999.0 |
       Dungeon |    999 |    999 |      0 |    738 |      0 |   1 |  999.0 |
               +--------+--------+--------+--------+--------+-----+--------+

Top non-repeatable levels by time:
       D: 999 daAuts
